3A
LEVITTOWN BLUE DRAGONS @ GRAND FORKS CATERPILLARS
07/10/2041
 
TOP OF THE 1ST
Levittown Blue Dragons batting - Pitching for Grand Forks Caterpillars : RHP Mike Barraza
Pitching: RHP Mike Barraza
Batting: LHB César Valtez 0-0: Ball
1-0: Ball
2-0: Called Strike
2-1: SINGLE (Groundball, 4MD, EV 101.2 MPH)
Batting: RHB Abednego Ashpenaz 0-0: Ball
1-0: Fly out, F8 (Flyball, 8LXD, EV 94.4 MPH)
Batting: LHB Josh Hall 0-0: Called Strike
0-1: Fly out, F5 (Popup, 5SF, EV 63.1 MPH)
Batting: LHB Joshua Sanford 0-0: Called Strike
0-1: Ball
1-1: Ball
2-1: Called Strike
2-2: SINGLE (Groundball, 34, EV 106.9 MPH) (infield hit)
César Valtez to second
Batting: RHB An-yi Zhou 0-0: Ball
1-0: Foul Ball, location: 2F
1-1: Fly out, F8 (Flyball, 8RM, EV 83.1 MPH)
Top of the 1st over - 0 runs, 2 hits, 0 errors, 2 left on base; Levittown 0 - Grand Forks 0
BOTTOM OF THE 1ST
Grand Forks Caterpillars batting - Pitching for Levittown Blue Dragons : RHP Edward Martin
Pitching: RHP Edward Martin
Batting: RHB Roberto Guerrero 0-0: Foul Ball, location: 2F
0-1: Foul Ball, location: 2F
0-2: Strikes out swinging
Batting: RHB Danny Hensley 0-0: Ball
1-0: Fly out, F7 (Flyball, 78M, EV 89.4 MPH)
Batting: LHB Stanley Bell 0-0: Ball
1-0: Called Strike
1-1: Ball
2-1: Called Strike
2-2: Foul Ball, location: 2F
2-2: Ground out 5-3 (Groundball, 56, EV 88.1 MPH)
Bottom of the 1st over - 0 runs, 0 hits, 0 errors, 0 left on base; Levittown 0 - Grand Forks 0
TOP OF THE 2ND
Levittown Blue Dragons batting - Pitching for Grand Forks Caterpillars : RHP Mike Barraza
Batting: RHB Frans Lissenberg 0-0: Ground out 4-3 (Groundball, 34, EV 84.4 MPH)
Batting: RHB Carl Bailey 0-0: Called Strike
0-1: Called Strike
0-2: Ball
1-2: Strikes out swinging
Batting: RHB Aaron Attyte 0-0: Foul Ball, location: 2F
0-1: Called Strike
0-2: Ball
1-2: Strikes out swinging
Top of the 2nd over - 0 runs, 0 hits, 0 errors, 0 left on base; Levittown 0 - Grand Forks 0
BOTTOM OF THE 2ND
Grand Forks Caterpillars batting - Pitching for Levittown Blue Dragons : RHP Edward Martin
Batting: RHB Jose Reginalde 0-0: Ball
1-0: Ball
2-0: Called Strike
2-1: Ball
3-1: Base on Balls
Batting: SHB Leonardo Rodríguez 0-0: Called Strike
0-1: Ball
1-1: Ball
2-1: Called Strike
2-2: Strikes out swinging
Batting: RHB Conan Brown 0-0: Called Strike
0-1: Fly out, F9 (Line Drive, 9D, EV 93.1 MPH)
Batting: RHB Michael Mack 0-0: SINGLE (Line Drive, 34D, EV 103.1 MPH)
Jose Reginalde to second
Runner from 2nd tries for 3rd, SAFE, no throw by RF
Batting: RHB Juan Morales 0-0: Foul Ball, location: 2F
0-1: SINGLE (Groundball, 4MD, EV 95.0 MPH)
Jose Reginalde scores
Michael Mack to second
Batting: RHB Augusto Hernández 0-0: Called Strike
0-1: Swinging Strike
0-2: Foul Ball, location: 2F
0-2: Ball
1-2: Strikes out looking
Bottom of the 2nd over - 1 run, 2 hits, 0 errors, 2 left on base; Levittown 0 - Grand Forks 1
TOP OF THE 3RD
Levittown Blue Dragons batting - Pitching for Grand Forks Caterpillars : RHP Mike Barraza
Batting: RHB Bill Blair 0-0: Called Strike
0-1: Ball
1-1: Swinging Strike
1-2: Ball
2-2: SINGLE (Groundball, 6MD, EV 103.1 MPH)
Batting: LHB César Valtez 0-0: Called Strike
0-1: Ball
1-1: Called Strike
1-2: Strikes out looking
Batting: RHB Abednego Ashpenaz 0-0: Ball
1-0: Ball
2-0: Ball
3-0: Called Strike
3-1: Fielders Choice at 2nd, 1-6 (Groundball, 13, EV 90.0 MPH)
Batting: LHB Josh Hall 0-0: Called Strike
0-1: Ball
1-1: Ball
2-1: Ball
3-1: Base on Balls
Abednego Ashpenaz to second
Batting: LHB Joshua Sanford 0-0: Called Strike
0-1: Ball
1-1: Called Strike
1-2: Foul Ball, location: 2F
1-2: Ball
2-2: Ball
3-2: SINGLE (Groundball, 34D, EV 105.6 MPH)
Abednego Ashpenaz to third
Josh Hall to second
Abednego Ashpenaz scores
Josh Hall to third
Batting: RHB An-yi Zhou 0-0: Ball
1-0: Ball
2-0: Foul Ball, location: 2F
2-1: SINGLE (Flyball, 9LS, EV 96.9 MPH)
Josh Hall scores
Joshua Sanford to second
Runner from 2nd tries for 3rd, SAFE, throw by RF made to third
Batting: RHB Frans Lissenberg 0-0: Ball
1-0: Foul Ball, location: 2F
1-1: Ball
2-1: Fielders Choice at 2nd, 5-4 (Groundball, 56, EV 87.5 MPH)
Top of the 3rd over - 2 runs, 3 hits, 0 errors, 2 left on base; Levittown 2 - Grand Forks 1
BOTTOM OF THE 3RD
Grand Forks Caterpillars batting - Pitching for Levittown Blue Dragons : RHP Edward Martin
Batting: RHB Roberto Guerrero 0-0: Called Strike
0-1: Ball
1-1: Ball
2-1: Ball
3-1: Base on Balls
Batting: RHB Danny Hensley 0-0: Ball
1-0: Foul Ball, location: 2F
1-1: Called Strike
Roberto Guerrero is caught stealing 2nd base 2-4
1-2: Ground out 2-3 (Groundball, 15S, EV 68.1 MPH)
Batting: LHB Stanley Bell 0-0: Called Strike
0-1: Swinging Strike
0-2: Ball
1-2: Ball
2-2: Strikes out looking and he ARGUES THE CALL AND IS TOSSED!
Bottom of the 3rd over - 0 runs, 0 hits, 0 errors, 0 left on base; Levittown 2 - Grand Forks 1
TOP OF THE 4TH
Levittown Blue Dragons batting - Pitching for Grand Forks Caterpillars : RHP Mike Barraza
Now in LF: Iván Pińón
Batting: RHB Carl Bailey 0-0: Ball
1-0: Ball
2-0: Ball
3-0: Base on Balls
Batting: RHB Aaron Attyte 0-0: Foul Ball, location: 2F
0-1: SINGLE (Groundball, P, EV 63.1 MPH) (infield hit)
Carl Bailey to second
Batting: RHB Bill Blair 0-0: SINGLE (Line Drive, 34D, EV 103.8 MPH)
Carl Bailey to third
Aaron Attyte to second
Runner from 3rd tries for Home, throw by RF and OUT! 9-2
Batting: LHB César Valtez 0-0: Ball
1-0: Called Strike
1-1: TRIPLE (Groundball, 3L, EV 106.2 MPH)
Aaron Attyte scores
Bill Blair scores
Batting: RHB Abednego Ashpenaz 0-0: Ball
1-0: Called Strike
1-1: Ball
2-1: Ball
3-1: SINGLE (Groundball, 56, EV 108.1 MPH)
César Valtez scores
Pitching: LHP Luis Asturias
Batting: LHB Josh Hall 0-0: Ball
1-0: Grounds into double play, 4-6-3 (Groundball, 4M, EV 80.0 MPH)
Top of the 4th over - 3 runs, 4 hits, 0 errors, 0 left on base; Levittown 5 - Grand Forks 1
BOTTOM OF THE 4TH
Grand Forks Caterpillars batting - Pitching for Levittown Blue Dragons : RHP Edward Martin
Batting: RHB Jose Reginalde 0-0: Called Strike
0-1: Ball
1-1: Ball
2-1: Swinging Strike
2-2: Strikes out swinging
Batting: SHB Leonardo Rodríguez 0-0: Ball
1-0: Called Strike
1-1: SINGLE (Line Drive, 5D, EV 95.6 MPH)
Batting: RHB Conan Brown 0-0: Called Strike
Leonardo Rodríguez steals 2nd base
0-1: Called Strike
0-2: Ball
1-2: Strikes out looking
Batting: RHB Michael Mack 0-0: Called Strike
0-1: Ball
1-1: Foul Ball, location: 2F
1-2: Ball
2-2: Ball
3-2: Strikes out swinging
Bottom of the 4th over - 0 runs, 1 hit, 0 errors, 1 left on base; Levittown 5 - Grand Forks 1
TOP OF THE 5TH
Levittown Blue Dragons batting - Pitching for Grand Forks Caterpillars : LHP Luis Asturias
Batting: LHB Joshua Sanford 0-0: Ball
1-0: Ball
2-0: Called Strike
2-1: Ball
3-1: Called Strike
3-2: Base on Balls
Batting: RHB An-yi Zhou 0-0: Called Strike
0-1: Foul Ball, location: 2F
0-2: Strikes out looking
Batting: RHB Frans Lissenberg 0-0: Ball
1-0: Ball
2-0: Ball
3-0: Base on Balls
Joshua Sanford to second
Batting: RHB Carl Bailey 0-0: Foul Ball, location: 2F
0-1: Ball
1-1: Ball
2-1: Ball
3-1: Called Strike
3-2: Base on Balls
Joshua Sanford to third
Frans Lissenberg to second
Batting: RHB Aaron Attyte 0-0: Foul Ball, location: 2F
0-1: SINGLE (Groundball, 34D, EV 96.2 MPH)
Joshua Sanford scores
Frans Lissenberg to third
Carl Bailey to second
Runner from 3rd tries for Home, throw by RF and OUT! 9-2
Batting: RHB Bill Blair 0-0: Ball
1-0: Foul Ball, location: 2F
1-1: Ball
2-1: Called Strike
2-2: Strikes out looking
Top of the 5th over - 1 run, 1 hit, 0 errors, 2 left on base; Levittown 6 - Grand Forks 1
BOTTOM OF THE 5TH
Grand Forks Caterpillars batting - Pitching for Levittown Blue Dragons : RHP Edward Martin
Batting: RHB Juan Morales 0-0: Called Strike
0-1: Called Strike
0-2: Strikes out swinging
Batting: RHB Augusto Hernández 0-0: Ball
1-0: Ball
2-0: Ball
3-0: Called Strike
3-1: Called Strike
3-2: Foul Ball, location: 2F
3-2: SINGLE (Flyball, 8LS, EV 94.4 MPH)
Batting: RHB Roberto Guerrero 0-0: Ball
1-0: Called Strike
1-1: Foul Ball, location: 2F
1-2: Fielders Choice at 2nd, 1-4 (Groundball, P, EV 79.4 MPH)
Batting: RHB Danny Hensley 0-0: Ball
1-0: Fielders Choice at 2nd, 6-4 (Groundball, 6, EV 88.1 MPH)
Bottom of the 5th over - 0 runs, 1 hit, 0 errors, 1 left on base; Levittown 6 - Grand Forks 1
TOP OF THE 6TH
Levittown Blue Dragons batting - Pitching for Grand Forks Caterpillars : LHP Luis Asturias
Batting: LHB César Valtez 0-0: Called Strike
0-1: Foul Ball, location: 2F
0-2: Ball
1-2: Ball
2-2: Fly out, F8 (Flyball, 8RM, EV 85.6 MPH)
Batting: RHB Abednego Ashpenaz 0-0: Called Strike
0-1: Swinging Strike
0-2: Ball
1-2: Ball
2-2: Ball
3-2: SINGLE (Line Drive, 9S, EV 88.8 MPH)
Batting: LHB Josh Hall 0-0: Called Strike
0-1: Called Strike
0-2: Ball
1-2: SINGLE (Groundball, 6MD, EV 99.4 MPH)
Abednego Ashpenaz to second
Batting: LHB Joshua Sanford 0-0: Ball
1-0: Swinging Strike
1-1: Foul Ball, location: 2F
1-2: Grounds into double play, 6-4-3 (Groundball, 6, EV 92.5 MPH)
Top of the 6th over - 0 runs, 2 hits, 0 errors, 1 left on base; Levittown 6 - Grand Forks 1
BOTTOM OF THE 6TH
Grand Forks Caterpillars batting - Pitching for Levittown Blue Dragons : RHP Edward Martin
Batting: RHB Iván Pińón 0-0: Called Strike
0-1: Ball
1-1: Foul Ball, location: 2F
1-2: Ball
2-2: Foul Ball, location: 2F
2-2: Strikes out swinging
Batting: RHB Jose Reginalde 0-0: Ball
1-0: Ball
2-0: Called Strike
2-1: Ball
3-1: Foul Ball, location: 2F
3-2: Base on Balls
Batting: SHB Leonardo Rodríguez 0-0: Ball
1-0: Called Strike
1-1: Ball
2-1: Foul Ball, location: 2F
2-2: Ball
3-2: Base on Balls
Jose Reginalde to second
Pitching: RHP Shawn Adams
Batting: RHB Conan Brown 0-0: Ball
1-0: Called Strike
1-1: Ball
2-1: Grounds into double play, 3-6-3 (Groundball, 3, EV 86.9 MPH)
Bottom of the 6th over - 0 runs, 0 hits, 0 errors, 1 left on base; Levittown 6 - Grand Forks 1
TOP OF THE 7TH
Levittown Blue Dragons batting - Pitching for Grand Forks Caterpillars : LHP Luis Asturias
Batting: RHB An-yi Zhou 0-0: Swinging Strike
0-1: Foul Ball, location: 2F
0-2: Ball
1-2: Strikes out looking
Batting: RHB Frans Lissenberg 0-0: Called Strike
0-1: Foul Ball, location: 2F
0-2: Ball
1-2: Fly out, F8 (Flyball, 8LM, EV 96.2 MPH)
Batting: RHB Carl Bailey 0-0: Fly out, F3 (Popup, 3L, EV 72.5 MPH)
Top of the 7th over - 0 runs, 0 hits, 0 errors, 0 left on base; Levittown 6 - Grand Forks 1
BOTTOM OF THE 7TH
Grand Forks Caterpillars batting - Pitching for Levittown Blue Dragons : RHP Shawn Adams
Batting: RHB Michael Mack 0-0: Ball
1-0: Foul Ball, location: 2F
1-1: SINGLE (Line Drive, 6MD, EV 97.5 MPH)
Batting: RHB Juan Morales 0-0: Foul Ball, location: 2F
0-1: Called Strike
0-2: Foul Ball, location: 2F
0-2: Ball
1-2: Strikes out swinging
Batting: RHB Augusto Hernández 0-0: Fly out, F9 (Flyball, 89S, EV 91.9 MPH)
Batting: RHB Roberto Guerrero 0-0: Ball
1-0: Foul Ball, location: 2F
1-1: Ball
2-1: Foul Ball, location: 2F
2-2: Ball
3-2: Base on Balls
Michael Mack to second
Batting: RHB Danny Hensley 0-0: Ball
1-0: Fielders Choice at 2nd, 5-4 (Groundball, 5, EV 105.6 MPH)
Bottom of the 7th over - 0 runs, 1 hit, 0 errors, 2 left on base; Levittown 6 - Grand Forks 1
TOP OF THE 8TH
Levittown Blue Dragons batting - Pitching for Grand Forks Caterpillars : LHP Luis Asturias
Batting: RHB Aaron Attyte 0-0: Ball
1-0: Called Strike
1-1: Ball
2-1: Ball
3-1: Swinging Strike
3-2: Fly out, F9 (Flyball, 89S, EV 93.8 MPH)
Pitching: LHP Ramón Rivera
Batting: RHB Bill Blair 0-0: Swinging Strike
0-1: Foul Ball, location: 2F
0-2: Strikes out swinging
Batting: LHB César Valtez 0-0: Ground out U3 (Groundball, 3, EV 75.6 MPH)
Top of the 8th over - 0 runs, 0 hits, 0 errors, 0 left on base; Levittown 6 - Grand Forks 1
BOTTOM OF THE 8TH
Grand Forks Caterpillars batting - Pitching for Levittown Blue Dragons : RHP Shawn Adams
Batting: RHB Iván Pińón 0-0: Ball
1-0: Ball
2-0: Called Strike
2-1: Ball
3-1: Base on Balls
Batting: RHB Jose Reginalde 0-0: Ball
1-0: Ball
2-0: Swinging Strike
2-1: Fly out, F6 (Popup, P, EV 80.6 MPH)
Batting: SHB Leonardo Rodríguez 0-0: Foul Ball, location: 2F
0-1: Foul Ball, location: 2F
0-2: Foul Ball, location: 2F
0-2: Strikes out swinging
Batting: RHB Conan Brown 0-0: Called Strike
0-1: Ball
1-1: Foul Ball, location: 2F
1-2: SINGLE (Line Drive, 7S, EV 112.5 MPH)
Iván Pińón to second
Batting: RHB Michael Mack 0-0: Fielders Choice at 2nd, 6-4 (Groundball, 6, EV 83.1 MPH)
Bottom of the 8th over - 0 runs, 1 hit, 0 errors, 2 left on base; Levittown 6 - Grand Forks 1
TOP OF THE 9TH
Levittown Blue Dragons batting - Pitching for Grand Forks Caterpillars : LHP Ramón Rivera
Batting: RHB Abednego Ashpenaz 0-0: Ball
1-0: Ball
2-0: Ball
3-0: Base on Balls
Batting: LHB Josh Hall 0-0: Ball
1-0: Foul Ball, location: 2F
1-1: Ball
2-1: SINGLE (Line Drive, 56D, EV 103.8 MPH)
Abednego Ashpenaz to second
Batting: LHB Joshua Sanford 0-0: SINGLE (Groundball, 34D, EV 103.8 MPH)
Abednego Ashpenaz to third
Josh Hall to second
Runner from 3rd tries for Home, SAFE, throw by RF to home
Batting: RHB An-yi Zhou 0-0: Foul Ball, location: 2F
0-1: Ball
1-1: Swinging Strike
1-2: Foul Ball, location: 2F
1-2: Strikes out swinging
Batting: RHB Frans Lissenberg 0-0: SINGLE (Groundball, 6D, EV 101.2 MPH)
Josh Hall to third
Joshua Sanford to second
Runner from 3rd tries for Home, SAFE, throw by CF to home
Batting: RHB Carl Bailey 0-0: Swinging Strike
0-1: SINGLE (Groundball, 6D, EV 99.4 MPH)
Joshua Sanford to third
Frans Lissenberg to second
Runner from 3rd tries for Home, SAFE, throw by LF to home
Batting: RHB Aaron Attyte 0-0: Ball
1-0: Ball
2-0: Foul Ball, location: 2F
2-1: Fielders Choice at 2nd, 6-4 (Groundball, 6S, EV 85.6 MPH)
Frans Lissenberg to third
Batting: RHB Bill Blair 0-0: Called Strike
0-1: Swinging Strike
0-2: Ball
1-2: Strikes out swinging
Top of the 9th over - 3 runs, 4 hits, 0 errors, 2 left on base; Levittown 9 - Grand Forks 1
BOTTOM OF THE 9TH
Grand Forks Caterpillars batting - Pitching for Levittown Blue Dragons : RHP Shawn Adams
Batting: RHB Juan Morales 0-0: Ball
1-0: DOUBLE (Line Drive, 78D, EV 106.2 MPH)
Batting: RHB Augusto Hernández 0-0: Called Strike
0-1: Fly out, F9 (Flyball, 89D, EV 96.2 MPH)
Runner from 2nd tags up, SAFE at 3rd, no throw by RF
Pinch Hitting: LHB Junji Matsui 0-0: Ground out 6-3 (Groundball, 6S, EV 86.2 MPH)
Juan Morales scores
Batting: RHB Danny Hensley 0-0: Fly out, F8 (Line Drive, 8LD, EV 93.1 MPH)
Bottom of the 9th over - 1 run, 1 hit, 0 errors, 0 left on base; Levittown 9 - Grand Forks 2
Tuesday, January 5th, 2021 - OOTP Baseball 20.8 Build 74